 Dungeon Crawl Stone Soup version 0.29.1-4-g47bece8355 (webtiles) character file.

Game seed: 7118539121009192551

59 wingedge the Digger (level 3, -2/33 HPs)
             Began as a Deep Elf Earth Elementalist on Dec 7, 2022.
             Slain by a gnoll
             ... wielding a +0 flail
             ... led by a gnoll bouda
              (3 damage)
             ... on level 3 of the Dungeon.
             The game lasted 00:07:40 (2540 turns).

wingedge the Digger (Deep Elf Earth Elementalist)   Turns: 2540, Time: 00:07:41

Health: -2/33      AC: 25    Str:  5    XL:     3   Next: 78%
Magic:  0/9        EV:  2    Int: 21    God:
Gold:   113        SH:  3    Dex: 15    Spells: 4/8 levels left

rFire   . . .      SeeInvis .   s - +1 short sword
rCold   . . .      Faith    .   l - +0 buckler
rNeg    . . .      Spirit   .   (body armour currently unavailable)
rPois   +          Reflect  .   (helmet currently unavailable)
rElec   .          Harm     .   (cloak currently unavailable)
rCorr   .          Rampage  .   (gloves currently unavailable)
Will    .....      NoTele   +   (boots currently unavailable)
Stlth   ++........              (no amulet)
HPRegen 0.11/turn               o - +4 ring of protection
MPRegen 0.11/turn               (no ring)

@: tree-form, weakened
A: stationary, stasis, torment immunity, boosted hp
a: no special abilities


You were on level 3 of the Dungeon.
You were a tree.
You visited 1 branch of the dungeon, and saw 3 of its levels.

You collected 113 gold pieces.

Inventory:

Hand Weapons
 f - a +0 spear
 s - a +1 short sword (weapon)
Armour
 a - a +0 robe (melded)
 i - a +0 cloak (melded)
 l - a +0 buckler (worn)
 m - a +0 pair of gloves (melded)
 n - the +1 ring mail of Tut Igixino {Regen+}
   (You found it on level 2 of the Dungeon)

   Regen:     It increases your rate of health regeneration.
 q - a +0 ring mail of cold resistance
 w - a +0 pair of boots (melded)
Jewellery
 o - a +4 ring of protection (left branch)
Scrolls
 r - 2 scrolls of enchant weapon
 u - a scroll of blinking {unknown}
Potions
 b - a potion of magic
 d - 2 potions of flight
 h - a potion of lignification
 j - a potion of haste {unknown}
 k - a potion of brilliance {unknown}
 p - a potion of invisibility {unknown}
 v - a potion of heal wounds {unknown}


   Skills:
 + Level 2.7 Fighting
 - Level 2.4 Dodging
 - Level 2.4 Stealth
 - Level 3.0 Spellcasting
 + Level 0.6 Conjurations
 - Level 1.1 Transmutations
 - Level 3.2 Earth Magic


You had 4 spell levels left.
You knew the following spells:

 Your Spells              Type           Power      Damage    Failure   Level
a - Sandblast             Erth           32%        2d9       4%          1
b - Stone Arrow           Conj/Erth      22%        3d8       24%         3

Your spell library contained the following spells:

 Spells                   Type           Power      Damage    Failure   Level
 Passwall                 Tmut/Erth      10%        N/A       11%         2
 Ensorcelled Hibernation  Hex/Ice        6%         N/A       26%         2
 Swiftness                Air            3%         N/A       47%         3
 Petrify                  Tmut/Erth      12%        N/A       58%         4


Dungeon Overview and Level Annotations

Branches:
Dungeon (3/15)

Altars:

Shops:
D:1 :

Annotations:
D:3 Grinder


Message History

Casting: Sandblast (safe; 4% risk of failure)
Confirm with . or Enter, or press ? or * to list all spells.
Aiming: Sandblast (safe; 4% risk of failure)
Press: ? - help, Shift-Dir - straight line, f - gnoll bouda, p - gnoll
Aim: a gnoll bouda, wielding a +0 club and wearing a +0 ring mail (severely wounded, ally target, 87% to hit)
The blast of sand hits the gnoll bouda.
The gnoll bouda is almost dead.
The gnoll bouda barks out a call to the hunt!
The gnolls pick up the pace!
The gnoll hits you with a +0 flail!
* * * LOW HITPOINT WARNING * * *
The gnoll bouda gazes fiercely through you!
You feel as though you will be weak longer.
The gnoll bouda hits you but does no damage.
Casting: Sandblast (safe; 4% risk of failure)
Confirm with . or Enter, or press ? or * to list all spells.
Aiming: Sandblast (safe; 4% risk of failure)
Press: ? - help, Shift-Dir - straight line, f/p - gnoll bouda
Aim: a gnoll bouda, wielding a +0 club and wearing a +0 ring mail (almost dead, ally target, 87% to hit)
The blast of sand hits the gnoll bouda but does no damage.
The gnoll bouda is almost dead.
The gnoll hits you but does no damage.
The gnoll bouda hits you but does no damage.
The gnoll hits you but does no damage.
Unknown command.
The air fills with toxic fumes!
As you read the scroll labelled CIKHLA FAHUR, it crumbles to dust.
It was a scroll of poison.
The gnoll bouda hits you but does no damage.
The gnoll hits you but does no damage.
You barely miss the gnoll.
Your butterfly is engulfed in poison gas.
Your butterfly is poisoned.
You kill your butterfly!
Your butterfly disappears in a burst of colours!
The gnoll bouda gazes fiercely through you!
You feel as though you will be weak longer.
The gnoll bouda hits you but does no damage.
The gnoll hits you with a +0 flail.
You die...

#..# ## #§§#
#.. #§§##§#
######§§#§#
#.g..§§§.§#
#.####§§#§##
#b# #.§§§.#
#b# ###g##..
#.# #♣# ###
#.######g#
#..g.g.gg#
#######§.#
#§§# #§§§.
#§#### #§#
..#


You could see a gnoll bouda and 3 gnolls.

Vanquished Creatures
  An adder (D:2)
  A worm (D:2)
  A dart slug (D:2)
  3 ball pythons
  5 endoplasms
  7 giant cockroaches
  A goblin (D:1)
  5 hobgoblins
  10 bats
  4 frilled lizards
  2 kobolds
  4 rats
44 creatures vanquished.

Vanquished Creatures (others)
  7 fungi (D:1)
  A plant (D:1)
8 creatures vanquished.

Grand Total: 52 creatures vanquished

Notes
Turn   | Place    | Note
-------+----------+-------------------------------------------
     0 | D:1      | wingedge the Deep Elf Earth Elementalist began the quest
                  | for the Orb.
     0 | D:1      | Reached XP level 1. HP: 10/10 MP: 6/6
    45 | D:1      | Found Xeas's Book Shop.
   337 | D:1      | Reached skill level 1 in Fighting
   411 | D:1      | Reached XP level 2. HP: 16/16 MP: 6/8
   853 | D:1      | Found a faded altar of an unknown god.
  1078 | D:2      | Reached XP level 3. HP: 21/21 MP: 7/9
  1481 | D:2      | Identified the +1 ring mail of Tut Igixino {Regen+}
  2193 | D:3      | Learned a level 3 spell: Stone Arrow
  2345 | D:3      | Noticed Grinder
  2537 | D:3      | HP: 1/33 [gnoll/+0 flail[a gnoll bouda] (8)]
  2540 | D:3      | Slain by a gnoll

Illustrated notes

Levels and vault maps discovered:
D:1:      pf_arrival_petrified_forest, layout_basic,
          dreamdust_ecumenical_altar_hidden_monk_grotto, serial_shops,
          nicolae_square_shop, serial_bayou_pond_c
D:2:      layout_basic, minmay_misc_feat_rows
D:3:      layout_loops_ring, uniq_grinder

Skill      XL: |  1  2 |
---------------+-------+-----
Fighting       | 1 2 |  2.7
Dodging        | |  2.4
Stealth        | |  2.4
Spellcasting   | |  3.0
Conjurations   | |  0.6
Transmutations | |  1.1
Earth Magic    | |  3.2

Action                   || total
-------------------------++-------
Melee: Short sword       ||     2
 Cast: Sandblast         ||    68
  Use: Scroll            ||     8
       Potion            ||     1
 Stab: Sleeping          ||     1
Armor: Skin              ||     8
       Robe              ||     4
Dodge: Dodged            ||    12
Block: Buckler           ||     1
